[ AOE2 MATCH · #463046897 ]
UnrankedFranks vs Tatars
[ REPLAY ANALYSIS · EXTRACTED FROM THE RECORDED GAME ]
Feudal
7:53
Castle
14:12
Imperial
29:22
| APM avg | 24.5 |
| APM peak | 66 |
| eAPM avg | 16.9 |
| Villagers / military | 132 / 435 |
Focus
⚔️ 59.5% · 🌾 40.5%
Spearman ×322 · Scorpion ×36 · Skirmisher ×29 · Mangonel ×18 · Trebuchet (Packed) ×12 · Bombard Cannon ×8
Feudal
11:37
Castle
24:43
Imperial
31:13
| APM avg | 18.3 |
| APM peak | 72 |
| eAPM avg | 13.7 |
| Villagers / military | 102 / 355 |
Focus
⚔️ 57.0% · 🌾 43.0%
Keshik ×102 · Knight ×83 · Skirmisher ×60 · Scout Cavalry ×43 · Trade Cart ×31 · Camel Scout ×24
Feudal
6:03
Castle
17:53
Imperial
36:18
| APM avg | 7.6 |
| APM peak | 27 |
| eAPM avg | 5.7 |
| Villagers / military | 88 / 179 |
Focus
⚔️ 38.8% · 🌾 61.2%
Genoese Crossbowman ×170 · Trade Cart ×46 · Petard ×5 · Scout Cavalry ×4
Feudal
—
Castle
—
Imperial
—
| APM avg | 15.0 |
| APM peak | 37 |
| eAPM avg | 8.9 |
| Villagers / military | 75 / 193 |
Focus
⚔️ 34.9% · 🌾 65.1%
Scout Cavalry ×190 · Unknown (1944) ×127 · Unknown (1952) ×105 · Trade Cart ×20 · Unknown (1942) ×3 · Spearman ×2
Feudal
7:25
Castle
15:55
Imperial
23:17
| APM avg | 12.3 |
| APM peak | 39 |
| eAPM avg | 8.4 |
| Villagers / military | 137 / 51 |
Focus
⚔️ 25.4% · 🌾 74.6%
Bombard Cannon ×24 · Teutonic Knight ×18 · Spearman ×4 · Unknown (882) ×4 · Archer ×2 · Trebuchet (Packed) ×2
Feudal
7:03
Castle
19:34
Imperial
52:17
| APM avg | 25.8 |
| APM peak | 64 |
| eAPM avg | 18.8 |
| Villagers / military | 137 / 527 |
Focus
⚔️ 44.4% · 🌾 55.6%
Spearman ×278 · Chu Ko Nu ×110 · Knight ×92 · Trade Cart ×37 · Battering Ram ×23 · Fire Lancer ×15
Feudal
6:48
Castle
12:43
Imperial
28:15
| APM avg | 13.6 |
| APM peak | 40 |
| eAPM avg | 11.4 |
| Villagers / military | 124 / 270 |
Focus
⚔️ 49.9% · 🌾 50.1%
Spearman ×131 · Scout Cavalry ×48 · Ballista Elephant ×40 · Battle Elephant ×34 · Battering Ram ×13 · Trade Cart ×12
Feudal
8:33
Castle
18:10
Imperial
25:46
| APM avg | 17.7 |
| APM peak | 48 |
| eAPM avg | 13.4 |
| Villagers / military | 97 / 295 |
Focus
⚔️ 50.9% · 🌾 49.1%
Genoese Crossbowman ×112 · Skirmisher ×65 · Militia ×35 · Trade Cart ×31 · Spearman ×30 · Hand Cannoneer ×24
Match map
Initial resources + every placement click. Lines = walls · curves = elevation contours. ◆ gold · ⬟ stone · ● berries · ✦ relic · ◌ wall gap
Your base· ✓ Closed at 14:12 · 13t walls · 10 gate(s)
Darknar626's base· ✓ Closed at 24:43 · 25t walls · 7 gate(s)
The House of Kingswell's base· ✓ Closed at 17:53 · 0t walls · 6 gate(s)
lx T DUB xl's base· ✓ Closed at 14:29 · 0t walls · 6 gate(s)
Good Knight's base· ✓ Closed at 15:55 · 0t walls · 8 gate(s)
Imperial Kermit's base· ✓ Closed at 19:34 · 68t walls · 5 gate(s)
ArgentoCL's base· ✓ Closed at 12:43 · 0t walls · 7 gate(s)
Oculists's base· ✓ Closed at 18:10 · 74t walls · 7 gate(s)
Smoothed initial terrain · ◌ = detected wall gap · hover for details
Inputs per minute
— Megaherz - - Darknar626
Build order — Megaherz
First 150 of 720 actions detected
| 0:07 | Build | Lumber Camp |
| 0:09 | Create | Villager (Male) |
| 0:10 | Create | Villager (Male) |
| 0:10 | Create | Villager (Male) |
| 0:10 | Create | Villager (Male) |
| 0:10 | Create | Villager (Male) |
| 0:12 | Research | Loom |
| 0:38 | Build | Mill |
| 1:01 | Create | Villager (Male) |
| 1:01 | Create | Villager (Male) |
| 1:19 | Create | Villager (Male) |
| 1:19 | Create | Villager (Male) |
| 2:03 | Create | Villager (Male) |
| 2:16 | Create | Villager (Male) |
| 2:43 | Build | Farm |
| 4:03 | Create | Villager (Male) |
| 4:03 | Create | Villager (Male) |
| 4:04 | Create | Villager (Male) |
| 4:10 | Create | Villager (Male) |
| 4:37 | Build | Mining Camp |
| 5:29 | Research | Feudal Age |
| 5:29 | Research | Feudal Age |
| 5:57 | Create | Villager (Male) |
| 6:23 | Create | Villager (Male) |
| 6:25 | Create | Villager (Male) |
| 6:54 | Create | Villager (Male) |
| 7:53 | Age | Feudal Age |
| 8:11 | Research | Double-Bit Axe |
| 8:16 | Create | Villager (Male) |
| 8:28 | Build | Market |
| 8:35 | Build | Blacksmith |
| 8:40 | Build | Mining Camp |
| 9:11 | Build | Farm |
| 10:19 | Build | Gate |
| 10:21 | Build | Gate |
| 10:27 | Build | Stone Wall |
| 11:32 | Research | Castle Age |
| 11:33 | Create | Villager (Male) |
| 11:34 | Create | Villager (Male) |
| 11:34 | Create | Villager (Male) |
| 11:34 | Create | Villager (Male) |
| 11:37 | Research | Wheelbarrow |
| 11:38 | Create | Villager (Male) |
| 12:02 | Build | Gate |
| 12:09 | Build | Stone Wall |
| 12:23 | Build | Farm |
| 12:23 | Build | Farm |
| 12:24 | Build | Farm |
| 12:24 | Build | Farm |
| 12:24 | Build | Farm |
| 12:25 | Build | Farm |
| 12:29 | Create | Villager (Male) |
| 12:29 | Create | Villager (Male) |
| 12:30 | Create | Villager (Male) |
| 12:30 | Create | Villager (Male) |
| 13:07 | Build | Farm |
| 13:26 | Build | Farm |
| 13:27 | Create | Villager (Male) |
| 13:28 | Create | Villager (Male) |
| 13:28 | Create | Villager (Male) |
| 13:56 | Build | Stone Wall |
| 14:12 | Research | Town Watch |
| 14:12 | Age | Castle Age |
| 15:06 | Create | Villager (Male) |
| 15:07 | Create | Villager (Male) |
| 15:07 | Create | Villager (Male) |
| 15:08 | Create | Villager (Male) |
| 15:18 | Build | Town Center |
| 15:30 | Build | Stone Wall |
| 16:40 | Create | Villager (Male) |
| 16:40 | Create | Villager (Male) |
| 16:41 | Research | Hand Cart |
| 16:57 | Research | Bow Saw |
| 17:16 | Create | Villager (Male) |
| 17:17 | Create | Villager (Male) |
| 17:26 | Build | Stone Wall |
| 17:35 | Build | Stone Wall |
| 17:54 | Build | House |
| 17:57 | Build | House |
| 18:02 | Create | Villager (Male) |
| 18:02 | Create | Villager (Male) |
| 18:02 | Create | Villager (Male) |
| 18:03 | Create | Villager (Male) |
| 18:03 | Create | Villager (Male) |
| 18:03 | Create | Villager (Male) |
| 18:12 | Build | Town Center |
| 19:09 | Build | Stable |
| 19:24 | Create | Villager (Male) |
| 19:25 | Create | Villager (Male) |
| 19:25 | Create | Villager (Male) |
| 19:25 | Create | Villager (Male) |
| 19:26 | Create | Villager (Male) |
| 19:34 | Build | Mining Camp |
| 19:43 | Build | Gate |
| 19:46 | Build | Stone Wall |
| 20:11 | Create | Villager (Male) |
| 20:11 | Create | Villager (Male) |
| 20:16 | Create | Villager (Male) |
| 20:16 | Create | Villager (Male) |
| 20:25 | Build | Town Center |
| 20:40 | Research | Husbandry |
| 20:48 | Build | Siege Workshop |
| 21:03 | Build | House |
| 21:07 | Create | Knight |
| 21:28 | Build | Stone Wall |
| 21:37 | Build | House |
| 21:43 | Create | Mangonel |
| 21:51 | Build | University |
| 21:58 | Research | Arson |
| 22:00 | Research | Gambesons |
| 22:01 | Research | Squires |
| 22:01 | Research | Man-at-Arms (upgrade) |
| 22:03 | Create | Militia |
| 22:13 | Build | House |
| 22:15 | Build | House |
| 22:29 | Create | Villager (Male) |
| 22:29 | Create | Villager (Male) |
| 22:30 | Create | Villager (Male) |
| 22:30 | Create | Villager (Male) |
| 22:37 | Build | Mining Camp |
| 22:54 | Create | Battering Ram |
| 23:16 | Create | Scorpion |
| 23:17 | Create | Scorpion |
| 23:28 | Build | Siege Workshop |
| 24:01 | Build | House |
| 24:03 | Research | Ballistics |
| 24:07 | Research | Murder Holes |
| 24:13 | Create | Scorpion |
| 24:26 | Build | House |
| 24:37 | Build | Farm |
| 24:38 | Build | Farm |
| 24:38 | Build | Farm |
| 24:38 | Build | Farm |
| 24:47 | Build | Siege Workshop |
| 25:01 | Build | Farm |
| 25:03 | Build | Farm |
| 25:07 | Build | Farm |
| 26:09 | Build | Siege Workshop |
| 26:12 | Research | Imperial Age |
| 26:14 | Create | Villager (Male) |
| 26:14 | Create | Villager (Male) |
| 26:14 | Create | Villager (Male) |
| 26:14 | Create | Villager (Male) |
| 26:19 | Build | Farm |
| 26:19 | Build | Farm |
| 26:19 | Build | Farm |
| 26:19 | Build | Farm |
| 26:26 | Build | Siege Workshop |
| 26:48 | Create | Scorpion |
| 26:48 | Create | Scorpion |
Build order — Darknar626
First 150 of 666 actions detected
| 0:01 | Create | Villager (Male) |
| 0:01 | Create | Villager (Male) |
| 0:01 | Create | Villager (Male) |
| 0:02 | Create | Villager (Male) |
| 0:02 | Create | Villager (Male) |
| 0:21 | Build | Mill |
| 1:36 | Create | Villager (Male) |
| 2:00 | Research | Loom |
| 2:28 | Create | Villager (Male) |
| 2:29 | Create | Villager (Male) |
| 2:30 | Create | Villager (Male) |
| 3:37 | Create | Villager (Male) |
| 3:38 | Create | Villager (Male) |
| 3:38 | Create | Villager (Male) |
| 3:38 | Create | Villager (Male) |
| 3:38 | Create | Villager (Male) |
| 4:26 | Create | Villager (Male) |
| 4:45 | Build | Lumber Camp |
| 4:50 | Create | Villager (Male) |
| 4:50 | Create | Villager (Male) |
| 5:42 | Create | Villager (Male) |
| 5:42 | Create | Villager (Male) |
| 5:42 | Create | Villager (Male) |
| 5:48 | Build | House |
| 5:49 | Build | House |
| 5:50 | Build | House |
| 6:18 | Build | Farm |
| 6:25 | Build | Farm |
| 6:44 | Build | Farm |
| 6:45 | Build | Farm |
| 6:47 | Build | Farm |
| 7:04 | Build | Farm |
| 7:25 | Create | Villager (Male) |
| 7:26 | Create | Villager (Male) |
| 7:26 | Create | Villager (Male) |
| 7:27 | Create | Villager (Male) |
| 7:57 | Build | House |
| 7:58 | Build | House |
| 7:59 | Build | House |
| 8:16 | Build | Mining Camp |
| 8:26 | Research | Feudal Age |
| 9:26 | Build | House |
| 9:27 | Build | House |
| 9:28 | Build | House |
| 9:40 | Build | House |
| 9:41 | Build | House |
| 9:41 | Build | House |
| 11:06 | Create | Villager (Male) |
| 11:06 | Create | Villager (Male) |
| 11:06 | Create | Villager (Male) |
| 11:37 | Age | Feudal Age |
| 11:53 | Build | Stone Wall |
| 12:05 | Research | Horse Collar |
| 12:08 | Research | Double-Bit Axe |
| 12:27 | Build | Farm |
| 12:33 | Build | Mill |
| 12:42 | Build | Farm |
| 12:50 | Create | Villager (Male) |
| 12:50 | Create | Villager (Male) |
| 12:51 | Create | Villager (Male) |
| 12:51 | Create | Villager (Male) |
| 12:51 | Create | Villager (Male) |
| 12:52 | Create | Villager (Male) |
| 13:06 | Build | Farm |
| 14:50 | Build | Market |
| 15:02 | Research | Wheelbarrow |
| 15:04 | Research | Town Watch |
| 16:00 | Create | Villager (Male) |
| 16:00 | Create | Villager (Male) |
| 16:00 | Create | Villager (Male) |
| 16:01 | Create | Villager (Male) |
| 16:01 | Create | Villager (Male) |
| 16:01 | Create | Villager (Male) |
| 16:02 | Create | Villager (Male) |
| 16:03 | Create | Villager (Male) |
| 16:05 | Create | Villager (Male) |
| 16:05 | Create | Villager (Male) |
| 16:05 | Create | Villager (Male) |
| 16:06 | Create | Villager (Male) |
| 16:20 | Create | Trade Cart |
| 16:20 | Create | Trade Cart |
| 16:21 | Create | Trade Cart |
| 16:21 | Create | Trade Cart |
| 16:21 | Create | Trade Cart |
| 16:22 | Create | Trade Cart |
| 16:30 | Build | Farm |
| 16:31 | Build | Farm |
| 16:43 | Build | Farm |
| 16:51 | Build | Farm |
| 16:57 | Build | Farm |
| 18:10 | Build | Mining Camp |
| 18:33 | Create | Militia |
| 18:34 | Create | Militia |
| 18:34 | Create | Militia |
| 18:34 | Create | Militia |
| 18:39 | Create | Militia |
| 18:39 | Create | Militia |
| 18:42 | Create | Spearman |
| 18:43 | Create | Spearman |
| 18:43 | Create | Spearman |
| 18:43 | Create | Spearman |
| 18:44 | Create | Spearman |
| 18:45 | Create | Spearman |
| 18:47 | Research | Man-at-Arms (upgrade) |
| 18:52 | Research | Stone Mining |
| 18:53 | Research | Gold Mining |
| 19:46 | Build | Lumber Camp |
| 20:56 | Build | Blacksmith |
| 21:30 | Research | Castle Age |
| 22:00 | Create | Villager (Male) |
| 22:00 | Create | Villager (Male) |
| 22:00 | Create | Villager (Male) |
| 22:01 | Create | Villager (Male) |
| 22:01 | Create | Villager (Male) |
| 22:02 | Create | Villager (Male) |
| 22:02 | Create | Villager (Male) |
| 22:02 | Create | Villager (Male) |
| 22:02 | Create | Villager (Male) |
| 22:38 | Build | House |
| 22:40 | Build | House |
| 22:44 | Build | House |
| 22:45 | Build | House |
| 22:46 | Build | House |
| 22:47 | Build | House |
| 22:47 | Build | House |
| 22:48 | Build | House |
| 22:49 | Build | House |
| 22:50 | Build | House |
| 22:52 | Build | House |
| 22:54 | Build | House |
| 22:56 | Build | House |
| 22:57 | Build | House |
| 22:58 | Build | House |
| 22:59 | Build | House |
| 23:00 | Build | House |
| 23:01 | Build | House |
| 23:02 | Build | House |
| 23:03 | Build | House |
| 23:51 | Create | Trade Cart |
| 23:51 | Create | Trade Cart |
| 23:52 | Create | Trade Cart |
| 23:52 | Create | Trade Cart |
| 23:52 | Create | Trade Cart |
| 23:52 | Create | Trade Cart |
| 24:43 | Age | Castle Age |
| 24:47 | Build | Town Center |
| 25:15 | Research | Imperial Age |
| 25:25 | Research | Caravan |
| 25:35 | Create | Villager (Male) |
| 25:35 | Create | Villager (Male) |
Build order — The House of Kingswell
First 150 of 255 actions detected
| 0:13 | Research | Loom |
| 0:14 | Create | Villager (Male) ×4 |
| 0:50 | Build | Mill |
| 1:49 | Create | Villager (Male) |
| 1:49 | Create | Villager (Male) |
| 3:28 | Create | Villager (Male) |
| 3:29 | Create | Villager (Male) |
| 3:45 | Research | Feudal Age |
| 5:14 | Build | Lumber Camp |
| 5:41 | Create | Villager (Male) |
| 5:41 | Create | Villager (Male) |
| 5:42 | Create | Villager (Male) |
| 5:42 | Create | Villager (Male) |
| 6:03 | Age | Feudal Age |
| 6:35 | Build | Mining Camp |
| 6:50 | Research | Double-Bit Axe |
| 7:08 | Research | Horse Collar |
| 7:35 | Research | Stone Mining |
| 7:38 | Research | Gold Mining |
| 7:49 | Create | Villager (Male) |
| 7:50 | Create | Villager (Male) |
| 8:39 | Create | Villager (Male) ×5 |
| 8:39 | Create | Villager (Male) ×5 |
| 9:09 | Build | Farm |
| 9:37 | Build | Farm |
| 9:52 | Build | Farm |
| 10:17 | Build | Farm |
| 10:18 | Build | Farm |
| 10:20 | Build | Farm |
| 10:24 | Build | Farm |
| 10:29 | Create | Villager (Male) |
| 10:29 | Create | Villager (Male) |
| 10:55 | Build | Farm |
| 10:57 | Build | Farm |
| 10:59 | Create | Villager (Male) |
| 11:00 | Create | Villager (Male) |
| 11:22 | Build | Blacksmith |
| 12:00 | Create | Villager (Male) |
| 12:00 | Create | Villager (Male) |
| 12:08 | Build | Farm |
| 12:09 | Build | Farm |
| 13:33 | Create | Villager (Male) ×5 |
| 14:04 | Build | Market |
| 14:25 | Build | Mining Camp |
| 14:28 | Research | Stone Mining |
| 14:56 | Build | Stable |
| 15:09 | Research | Castle Age |
| 15:34 | Build | Archery Range |
| 15:49 | Research | Wheelbarrow |
| 16:13 | Create | Scout Cavalry |
| 16:13 | Create | Scout Cavalry |
| 16:13 | Create | Scout Cavalry |
| 16:17 | Create | Scout Cavalry |
| 16:26 | Build | House |
| 16:30 | Build | House |
| 16:30 | Build | House |
| 16:31 | Build | House |
| 16:32 | Build | House |
| 16:44 | Research | Arson |
| 17:13 | Research | Bloodlines |
| 17:27 | Research | Scale Barding Armor |
| 17:53 | Age | Castle Age |
| 17:56 | Research | Husbandry |
| 18:15 | Build | Town Center |
| 18:39 | Build | Town Center |
| 18:44 | Research | Bow Saw |
| 18:59 | Create | Villager (Male) |
| 18:59 | Create | Villager (Male) |
| 19:55 | Research | Heavy Plow |
| 20:00 | Create | Villager (Male) ×5 |
| 20:56 | Create | Villager (Male) ×5 |
| 20:58 | Create | Villager (Male) |
| 21:00 | Create | Villager (Male) |
| 21:42 | Create | Genoese Crossbowman ×5 |
| 21:42 | Create | Genoese Crossbowman ×5 |
| 21:42 | Create | Genoese Crossbowman ×5 |
| 21:52 | Create | Villager (Male) |
| 21:52 | Create | Villager (Male) |
| 21:52 | Create | Villager (Male) |
| 21:53 | Create | Villager (Male) |
| 21:53 | Create | Villager (Male) |
| 21:53 | Create | Villager (Male) |
| 22:36 | Research | Squires |
| 22:43 | Build | University |
| 22:47 | Research | Stone Shaft Mining |
| 22:59 | Create | Villager (Male) |
| 22:59 | Create | Villager (Male) |
| 23:07 | Build | Mining Camp |
| 23:16 | Create | Genoese Crossbowman ×2 |
| 23:16 | Create | Genoese Crossbowman ×2 |
| 23:34 | Research | Fletching |
| 23:34 | Research | Padded Archer Armor |
| 23:57 | Build | House |
| 23:59 | Build | House |
| 23:59 | Build | House |
| 24:00 | Build | House |
| 24:01 | Build | House |
| 24:11 | Build | Castle |
| 24:19 | Create | Genoese Crossbowman ×5 |
| 24:23 | Research | Silk Road |
| 24:27 | Create | Villager (Male) |
| 24:38 | Create | Villager (Male) |
| 24:55 | Research | Ballistics |
| 25:08 | Create | Genoese Crossbowman |
| 25:09 | Create | Genoese Crossbowman |
| 25:09 | Create | Genoese Crossbowman |
| 25:09 | Create | Genoese Crossbowman |
| 25:10 | Create | Genoese Crossbowman |
| 25:11 | Research | Silk Road |
| 25:19 | Research | Leather Archer Armor |
| 25:41 | Create | Genoese Crossbowman |
| 25:41 | Create | Genoese Crossbowman |
| 25:41 | Create | Genoese Crossbowman |
| 25:42 | Create | Genoese Crossbowman |
| 25:43 | Create | Genoese Crossbowman |
| 25:48 | Research | Silk Road |
| 25:54 | Research | Thumb Ring |
| 25:57 | Research | Bodkin Arrow |
| 26:00 | Build | Farm |
| 26:12 | Research | Forging |
| 26:12 | Research | Forging |
| 26:33 | Create | Genoese Crossbowman |
| 26:45 | Research | Fortified Wall (upgrade) |
| 26:46 | Research | Treadmill Crane |
| 27:15 | Build | Market |
| 27:19 | Build | Market |
| 27:20 | Build | Market |
| 27:36 | Research | Masonry |
| 27:36 | Research | Murder Holes |
| 28:07 | Research | Iron Casting |
| 28:07 | Research | Iron Casting |
| 28:45 | Create | Genoese Crossbowman ×5 |
| 28:46 | Create | Genoese Crossbowman ×5 |
| 28:46 | Create | Genoese Crossbowman ×5 |
| 28:46 | Create | Genoese Crossbowman ×5 |
| 29:17 | Build | Farm |
| 29:17 | Build | Farm |
| 29:18 | Build | Farm |
| 29:21 | Build | Farm |
| 29:22 | Build | Farm |
| 29:28 | Build | Farm |
| 29:28 | Build | Farm |
| 29:28 | Build | Farm |
| 29:28 | Build | Farm |
| 29:29 | Build | Farm |
| 29:29 | Build | Farm |
| 29:29 | Build | Farm |
| 29:31 | Build | Farm |
| 29:32 | Build | Farm |
| 29:33 | Build | Farm |
Build order — lx T DUB xl
First 150 of 360 actions detected
| 0:03 | Create | Villager (Male) |
| 0:04 | Create | Villager (Male) |
| 0:04 | Create | Villager (Male) |
| 0:04 | Create | Villager (Male) |
| 0:05 | Create | Villager (Male) |
| 0:30 | Research | Loom |
| 1:00 | Create | Villager (Male) |
| 1:00 | Create | Villager (Male) |
| 1:14 | Create | Villager (Male) |
| 1:42 | Create | Villager (Male) |
| 1:42 | Create | Villager (Male) |
| 2:36 | Build | Lumber Camp |
| 2:38 | Create | Villager (Male) |
| 2:40 | Create | Villager (Male) |
| 2:40 | Create | Villager (Male) |
| 3:38 | Build | Mill |
| 4:08 | Create | Villager (Male) |
| 4:08 | Create | Villager (Male) |
| 4:17 | Build | Farm |
| 4:43 | Research | Feudal Age |
| 5:02 | Create | Villager (Male) |
| 5:04 | Create | Villager (Male) |
| 5:15 | Build | Mining Camp |
| 6:55 | Research | Double-Bit Axe |
| 6:56 | Research | Horse Collar |
| 6:59 | Create | Villager (Male) |
| 7:35 | Create | Villager (Male) |
| 8:08 | Research | Gold Mining |
| 8:12 | Create | Villager (Male) |
| 8:13 | Create | Villager (Male) |
| 8:39 | Build | Farm |
| 8:51 | Build | Farm |
| 9:03 | Research | Stone Mining |
| 9:08 | Build | Farm |
| 9:27 | Build | Farm |
| 9:37 | Research | Wheelbarrow |
| 9:43 | Build | Farm |
| 10:44 | Build | Market |
| 10:51 | Build | Blacksmith |
| 10:57 | Create | Villager (Male) |
| 10:58 | Create | Villager (Male) |
| 11:30 | Create | Villager (Male) |
| 11:37 | Build | Farm |
| 11:54 | Create | Trade Cart |
| 11:57 | Create | Trade Cart |
| 12:01 | Create | Villager (Male) |
| 12:23 | Build | House |
| 12:28 | Build | House |
| 12:30 | Build | House |
| 12:32 | Build | House |
| 12:35 | Create | Villager (Male) |
| 12:36 | Create | Villager (Male) |
| 12:50 | Create | Villager (Male) |
| 13:05 | Research | Forging |
| 13:06 | Research | Scale Barding Armor |
| 13:17 | Build | Farm |
| 13:33 | Build | Farm |
| 13:34 | Build | Farm |
| 13:34 | Build | Farm |
| 13:35 | Build | Farm |
| 13:38 | Build | Farm |
| 13:39 | Build | Farm |
| 13:39 | Build | Farm |
| 13:40 | Build | Farm |
| 13:40 | Build | Farm |
| 13:41 | Build | Farm |
| 13:41 | Build | Farm |
| 13:41 | Build | Farm |
| 13:42 | Build | Farm |
| 13:42 | Build | Farm |
| 13:43 | Build | Farm |
| 13:43 | Build | Farm |
| 13:43 | Build | Farm |
| 13:44 | Build | Farm |
| 13:44 | Build | Farm |
| 13:44 | Build | Farm |
| 13:44 | Build | Farm |
| 13:45 | Build | Farm |
| 13:46 | Build | Farm |
| 13:47 | Build | Farm |
| 13:48 | Build | Farm |
| 13:49 | Build | Farm |
| 13:50 | Build | Farm |
| 13:51 | Build | Farm |
| 13:53 | Build | Farm |
| 13:54 | Build | Farm |
| 13:55 | Build | Farm |
| 14:19 | Build | Farm |
| 14:22 | Build | Farm |
| 14:29 | Research | Castle Age |
| 15:36 | Create | Trade Cart |
| 15:36 | Create | Trade Cart |
| 15:43 | Create | Trade Cart |
| 16:00 | Build | Farm |
| 16:46 | Build | Lumber Camp |
| 16:59 | Create | Villager (Male) |
| 16:59 | Create | Villager (Male) |
| 17:00 | Create | Villager (Male) |
| 17:13 | Research | Heavy Plow |
| 17:17 | Research | Bow Saw |
| 17:28 | Research | Gold Shaft Mining |
| 18:08 | Build | Stone Wall |
| 18:19 | Create | Villager (Male) |
| 18:20 | Create | Villager (Male) |
| 18:34 | Research | Stone Shaft Mining |
| 19:08 | Research | Caravan |
| 19:25 | Create | Villager (Male) |
| 19:25 | Create | Villager (Male) |
| 19:29 | Research | Hand Cart |
| 20:25 | Create | Trade Cart |
| 20:25 | Create | Trade Cart |
| 20:28 | Create | Trade Cart |
| 20:32 | Create | Villager (Male) |
| 20:32 | Create | Villager (Male) |
| 20:33 | Create | Villager (Male) |
| 21:33 | Build | Town Center |
| 21:49 | Build | Stable |
| 21:51 | Build | Stable |
| 21:51 | Build | Stable |
| 21:52 | Build | Stable |
| 21:53 | Build | Stable |
| 21:54 | Build | Stable |
| 21:55 | Build | Stable |
| 21:58 | Build | Stable |
| 22:05 | Build | Stable |
| 22:10 | Create | Villager (Male) |
| 22:10 | Create | Villager (Male) |
| 22:11 | Create | Villager (Male) |
| 22:11 | Create | Villager (Male) |
| 22:18 | Create | Villager (Male) |
| 22:19 | Create | Villager (Male) |
| 22:19 | Create | Villager (Male) |
| 23:07 | Research | Bloodlines |
| 23:09 | Research | Husbandry |
| 23:28 | Build | Barracks |
| 23:46 | Create | Spearman |
| 23:46 | Create | Spearman |
| 23:53 | Create | Villager (Male) |
| 23:53 | Create | Villager (Male) |
| 23:54 | Create | Villager (Male) |
| 23:55 | Create | Villager (Male) |
| 24:05 | Build | Stable |
| 24:06 | Build | Stable |
| 24:18 | Build | Farm |
| 24:29 | Build | House |
| 24:29 | Build | House |
| 24:29 | Build | House |
| 24:29 | Build | House |
| 24:30 | Build | House |
| 24:30 | Build | House |
Build order — Good Knight
First 150 of 292 actions detected
| 0:13 | Create | Villager (Male) |
| 0:13 | Create | Villager (Male) |
| 0:13 | Create | Villager (Male) |
| 0:36 | Build | Mill |
| 1:42 | Create | Villager (Male) |
| 1:42 | Create | Villager (Male) |
| 1:45 | Create | Villager (Male) |
| 2:24 | Build | Lumber Camp |
| 2:40 | Create | Villager (Male) |
| 3:21 | Create | Villager (Male) |
| 3:41 | Create | Villager (Male) |
| 3:41 | Create | Villager (Male) |
| 3:57 | Create | Villager (Male) |
| 4:27 | Create | Villager (Male) |
| 4:46 | Create | Villager (Male) |
| 5:15 | Research | Feudal Age |
| 5:58 | Create | Villager (Male) |
| 6:25 | Build | Farm |
| 6:44 | Build | Farm |
| 7:04 | Build | Farm |
| 7:09 | Create | Villager (Male) |
| 7:24 | Build | Farm |
| 7:25 | Age | Feudal Age |
| 7:35 | Build | Farm |
| 7:58 | Build | Market |
| 8:11 | Research | Double-Bit Axe |
| 8:15 | Research | Horse Collar |
| 8:51 | Build | Mining Camp |
| 9:24 | Research | Wheelbarrow |
| 9:30 | Create | Villager (Male) |
| 9:30 | Create | Villager (Male) |
| 9:48 | Build | Blacksmith |
| 10:00 | Research | Wheelbarrow |
| 10:03 | Create | Villager (Male) |
| 10:04 | Create | Villager (Male) |
| 11:52 | Create | Villager (Male) |
| 11:59 | Create | Villager (Male) |
| 11:59 | Create | Villager (Male) |
| 12:31 | Build | House |
| 12:39 | Build | House |
| 13:06 | Build | Archery Range |
| 13:11 | Research | Castle Age |
| 13:57 | Research | Forging |
| 14:01 | Research | Scale Mail Armor |
| 14:08 | Create | Militia |
| 14:17 | Create | Spearman |
| 14:28 | Create | Spearman |
| 15:01 | Create | Villager (Male) |
| 15:01 | Create | Villager (Male) |
| 15:55 | Age | Castle Age |
| 16:11 | Create | Archer |
| 16:32 | Build | House |
| 16:43 | Create | Villager (Male) |
| 16:43 | Create | Villager (Male) |
| 16:43 | Create | Villager (Male) |
| 16:53 | Build | Mining Camp |
| 17:00 | Build | University |
| 17:21 | Research | Squires |
| 17:28 | Research | Gambesons |
| 17:29 | Create | Spearman |
| 17:30 | Create | Spearman |
| 17:50 | Create | Archer |
| 18:25 | Build | Town Center |
| 19:05 | Research | Gold Mining |
| 19:05 | Research | Stone Mining |
| 20:07 | Research | Imperial Age |
| 20:37 | Create | Villager (Male) |
| 20:37 | Create | Villager (Male) |
| 20:38 | Create | Villager (Male) |
| 20:58 | Build | Lumber Camp |
| 21:48 | Create | Villager (Male) |
| 21:48 | Create | Villager (Male) |
| 21:49 | Create | Villager (Male) |
| 21:49 | Create | Villager (Male) |
| 21:49 | Create | Villager (Male) |
| 21:50 | Create | Villager (Male) |
| 22:13 | Create | Villager (Male) |
| 22:29 | Build | House |
| 22:35 | Build | House |
| 22:40 | Build | House |
| 22:44 | Build | House |
| 22:49 | Build | House |
| 22:53 | Build | House |
| 23:04 | Build | House |
| 23:09 | Build | House |
| 23:17 | Age | Imperial Age |
| 23:22 | Research | Chemistry |
| 23:51 | Build | Siege Workshop |
| 23:58 | Build | Siege Workshop |
| 24:04 | Build | Siege Workshop |
| 24:24 | Create | Unit 882 |
| 24:38 | Create | Unit 882 |
| 24:59 | Create | Unit 882 |
| 25:14 | Create | Villager (Male) |
| 25:15 | Create | Villager (Male) |
| 25:15 | Create | Villager (Male) |
| 25:16 | Create | Villager (Male) |
| 25:16 | Create | Villager (Male) |
| 25:35 | Create | Villager (Male) |
| 25:35 | Create | Villager (Male) |
| 25:35 | Create | Villager (Male) |
| 25:36 | Create | Villager (Male) |
| 25:36 | Create | Villager (Male) |
| 25:36 | Create | Villager (Male) |
| 25:46 | Build | Farm |
| 25:53 | Build | Farm |
| 26:16 | Build | Stone Wall |
| 26:34 | Create | Bombard Cannon |
| 26:40 | Create | Bombard Cannon |
| 26:51 | Research | Bow Saw |
| 26:54 | Research | Heavy Plow |
| 27:03 | Create | Teutonic Knight |
| 27:03 | Create | Teutonic Knight |
| 27:03 | Create | Teutonic Knight |
| 27:09 | Create | Trebuchet (Packed) |
| 27:16 | Create | Unit 882 |
| 27:47 | Create | Villager (Male) |
| 27:47 | Create | Villager (Male) |
| 27:48 | Create | Villager (Male) |
| 27:48 | Create | Villager (Male) |
| 27:48 | Create | Villager (Male) |
| 27:48 | Create | Villager (Male) |
| 27:56 | Build | Farm |
| 28:03 | Build | Farm |
| 28:09 | Build | Farm |
| 28:20 | Create | Trebuchet (Packed) |
| 28:34 | Create | Villager (Male) |
| 28:34 | Create | Villager (Male) |
| 28:35 | Create | Villager (Male) |
| 28:35 | Create | Villager (Male) |
| 28:36 | Create | Villager (Male) |
| 29:08 | Build | Stone Wall |
| 29:31 | Research | Ballistics |
| 29:56 | Create | Bombard Cannon |
| 29:57 | Create | Bombard Cannon |
| 30:58 | Build | Market |
| 31:02 | Create | Villager (Male) |
| 31:03 | Create | Villager (Male) |
| 31:03 | Create | Villager (Male) |
| 31:03 | Create | Villager (Male) |
| 31:03 | Create | Villager (Male) |
| 31:03 | Create | Villager (Male) |
| 31:17 | Build | Gate |
| 31:28 | Build | House |
| 31:33 | Build | House |
| 31:37 | Build | House |
| 31:43 | Build | Monastery |
| 31:56 | Create | Teutonic Knight |
| 31:57 | Create | Teutonic Knight |
| 31:57 | Create | Teutonic Knight |
Build order — Imperial Kermit
First 150 of 710 actions detected
| 1:27 | Build | Mill |
| 1:48 | Research | Loom |
| 4:53 | Research | Feudal Age |
| 4:53 | Research | Feudal Age |
| 4:55 | Create | Villager (Male) |
| 4:55 | Create | Villager (Male) |
| 4:55 | Create | Villager (Male) |
| 5:43 | Build | Lumber Camp |
| 7:03 | Age | Feudal Age |
| 7:21 | Create | Villager (Male) |
| 7:21 | Create | Villager (Male) |
| 7:36 | Build | Blacksmith |
| 8:11 | Build | Mill |
| 8:37 | Create | Villager (Male) |
| 8:38 | Create | Villager (Male) |
| 9:48 | Create | Villager (Male) |
| 9:48 | Create | Villager (Male) |
| 9:48 | Create | Villager (Male) |
| 9:49 | Create | Villager (Male) |
| 9:55 | Build | Mining Camp |
| 10:08 | Create | Villager (Male) |
| 10:08 | Create | Villager (Male) |
| 11:13 | Build | Mining Camp |
| 11:27 | Build | Mining Camp |
| 11:32 | Build | Market |
| 11:49 | Create | Villager (Male) |
| 11:50 | Create | Villager (Male) |
| 11:50 | Create | Villager (Male) |
| 12:22 | Research | Double-Bit Axe |
| 12:35 | Create | Villager (Male) |
| 12:35 | Create | Villager (Male) |
| 12:44 | Build | Lumber Camp |
| 12:54 | Build | Stone Wall |
| 13:08 | Build | Farm |
| 13:14 | Build | Farm |
| 13:40 | Build | Farm |
| 14:04 | Build | Farm |
| 14:21 | Build | Farm |
| 14:35 | Build | Farm |
| 14:56 | Build | Stone Wall |
| 15:20 | Build | Stone Wall |
| 15:48 | Build | Farm |
| 16:00 | Build | Stone Wall |
| 16:17 | Build | Stone Wall |
| 16:35 | Build | Farm |
| 16:54 | Research | Castle Age |
| 16:55 | Research | Castle Age |
| 17:08 | Create | Villager (Male) |
| 17:12 | Create | Trade Cart |
| 17:13 | Create | Trade Cart |
| 17:13 | Create | Trade Cart |
| 17:13 | Create | Trade Cart |
| 17:52 | Build | House |
| 17:54 | Build | House |
| 17:56 | Build | House |
| 17:57 | Build | House |
| 18:07 | Create | Villager (Male) |
| 18:07 | Create | Villager (Male) |
| 18:07 | Create | Villager (Male) |
| 18:07 | Create | Villager (Male) |
| 18:08 | Create | Villager (Male) |
| 18:08 | Create | Villager (Male) |
| 18:08 | Create | Villager (Male) |
| 18:48 | Build | House |
| 18:49 | Build | House |
| 18:51 | Build | House |
| 19:02 | Create | Villager (Male) |
| 19:02 | Create | Villager (Male) |
| 19:12 | Research | Stone Mining |
| 19:19 | Research | Fletching |
| 19:19 | Research | Padded Archer Armor |
| 19:19 | Research | Fletching |
| 19:34 | Age | Castle Age |
| 19:37 | Create | Trade Cart |
| 20:12 | Research | Gold Mining |
| 20:21 | Research | Padded Archer Armor |
| 20:43 | Create | Villager (Male) |
| 20:45 | Create | Villager (Male) |
| 20:46 | Create | Villager (Male) |
| 21:05 | Create | Chu Ko Nu |
| 21:05 | Create | Chu Ko Nu |
| 21:10 | Build | House |
| 21:12 | Build | House |
| 21:14 | Build | House |
| 21:17 | Build | House |
| 21:45 | Create | Villager (Male) |
| 21:47 | Create | Villager (Male) |
| 21:49 | Create | Villager (Male) |
| 21:51 | Create | Villager (Male) |
| 21:51 | Create | Villager (Male) |
| 21:51 | Create | Villager (Male) |
| 21:59 | Research | Scale Mail Armor |
| 21:59 | Research | Forging |
| 21:59 | Research | Scale Barding Armor |
| 22:07 | Research | Scale Barding Armor |
| 22:09 | Create | Villager (Male) |
| 22:09 | Create | Villager (Male) |
| 22:09 | Create | Villager (Male) |
| 22:20 | Build | House |
| 22:21 | Build | House |
| 22:40 | Build | Farm |
| 22:40 | Build | Farm |
| 22:47 | Create | Villager (Male) |
| 22:48 | Create | Villager (Male) |
| 22:51 | Create | Villager (Male) |
| 22:51 | Create | Villager (Male) |
| 22:52 | Create | Villager (Male) |
| 23:39 | Create | Villager (Male) |
| 23:53 | Build | House |
| 23:54 | Build | House |
| 23:55 | Build | House |
| 24:04 | Create | Chu Ko Nu |
| 24:05 | Create | Chu Ko Nu |
| 24:17 | Build | Farm |
| 24:18 | Build | Farm |
| 24:27 | Build | House |
| 24:28 | Build | House |
| 24:56 | Research | Iron Casting |
| 24:56 | Research | Chain Mail Armor |
| 24:57 | Research | Chain Barding Armor |
| 25:56 | Build | Town Center |
| 26:07 | Research | Caravan |
| 26:07 | Research | Coinage |
| 26:13 | Build | House |
| 26:14 | Build | House |
| 26:21 | Build | House |
| 26:42 | Build | Lumber Camp |
| 26:48 | Create | Villager (Male) |
| 26:48 | Create | Villager (Male) |
| 26:48 | Create | Villager (Male) |
| 26:48 | Create | Villager (Male) |
| 26:49 | Create | Villager (Male) |
| 26:50 | Create | Villager (Male) |
| 26:50 | Create | Villager (Male) |
| 26:50 | Create | Villager (Male) |
| 27:01 | Create | Chu Ko Nu |
| 27:02 | Create | Chu Ko Nu |
| 27:03 | Create | Chu Ko Nu |
| 27:03 | Create | Chu Ko Nu |
| 27:03 | Create | Chu Ko Nu |
| 27:05 | Create | Militia |
| 27:43 | Build | Castle |
| 28:01 | Build | Farm |
| 28:04 | Create | Villager (Male) |
| 28:04 | Create | Villager (Male) |
| 28:04 | Create | Villager (Male) |
| 28:05 | Create | Villager (Male) |
| 28:05 | Create | Villager (Male) |
| 28:05 | Create | Villager (Male) |
| 28:05 | Create | Villager (Male) |
Build order — ArgentoCL
First 150 of 556 actions detected
| 0:02 | Create | Villager (Male) |
| 0:02 | Create | Villager (Male) |
| 0:03 | Create | Villager (Male) |
| 0:03 | Create | Villager (Male) |
| 0:03 | Create | Villager (Male) |
| 0:30 | Build | Lumber Camp |
| 1:10 | Create | Villager (Male) |
| 2:31 | Create | Villager (Male) |
| 2:33 | Create | Villager (Male) |
| 3:09 | Build | Mill |
| 3:20 | Create | Villager (Male) |
| 3:39 | Create | Villager (Male) |
| 3:52 | Build | Farm |
| 3:54 | Build | Farm |
| 3:55 | Build | Farm |
| 4:20 | Build | Farm |
| 4:38 | Research | Feudal Age |
| 4:39 | Research | Loom |
| 5:01 | Build | Mining Camp |
| 5:53 | Create | Villager (Male) |
| 5:55 | Create | Villager (Male) |
| 5:55 | Create | Villager (Male) |
| 6:48 | Age | Feudal Age |
| 8:11 | Create | Villager (Male) |
| 8:40 | Build | Blacksmith |
| 9:03 | Build | Blacksmith |
| 9:12 | Create | Villager (Male) |
| 9:15 | Create | Villager (Male) |
| 9:38 | Research | Castle Age |
| 9:50 | Research | Double-Bit Axe |
| 9:54 | Research | Horse Collar |
| 10:37 | Build | Mining Camp |
| 11:17 | Create | Villager (Male) |
| 11:17 | Create | Villager (Male) |
| 11:17 | Create | Villager (Male) |
| 11:50 | Build | House |
| 11:52 | Build | House |
| 11:57 | Build | House |
| 12:43 | Age | Castle Age |
| 13:19 | Research | Bow Saw |
| 13:34 | Create | Villager (Male) |
| 13:34 | Create | Villager (Male) |
| 13:35 | Create | Villager (Male) |
| 13:57 | Build | Town Center |
| 14:30 | Create | Villager (Male) |
| 14:30 | Create | Villager (Male) |
| 14:43 | Build | Farm |
| 15:21 | Build | Town Center |
| 15:33 | Create | Villager (Male) |
| 15:33 | Create | Villager (Male) |
| 15:40 | Research | Heavy Plow |
| 16:37 | Create | Villager (Male) |
| 16:37 | Create | Villager (Male) |
| 16:45 | Create | Villager (Male) |
| 16:46 | Create | Villager (Male) |
| 16:46 | Create | Villager (Male) |
| 16:46 | Create | Villager (Male) |
| 17:03 | Build | Farm |
| 17:09 | Create | Villager (Male) |
| 17:10 | Create | Villager (Male) |
| 17:32 | Build | Farm |
| 17:36 | Build | Farm |
| 17:40 | Build | Farm |
| 18:14 | Build | Market |
| 18:24 | Create | Villager (Male) |
| 18:24 | Create | Villager (Male) |
| 18:28 | Create | Villager (Male) |
| 18:28 | Create | Villager (Male) |
| 18:28 | Create | Villager (Male) |
| 18:30 | Create | Villager (Male) |
| 18:31 | Create | Villager (Male) |
| 18:31 | Create | Villager (Male) |
| 18:31 | Create | Villager (Male) |
| 18:37 | Build | Farm |
| 18:50 | Build | Stable |
| 18:52 | Build | Stable |
| 18:57 | Build | Farm |
| 19:05 | Build | Farm |
| 19:08 | Create | Villager (Male) |
| 19:08 | Create | Villager (Male) |
| 19:14 | Build | Farm |
| 19:20 | Create | Villager (Male) |
| 19:20 | Create | Villager (Male) |
| 19:32 | Build | Farm |
| 20:01 | Create | Villager (Male) |
| 20:02 | Create | Villager (Male) |
| 20:04 | Create | Villager (Male) |
| 20:04 | Create | Villager (Male) |
| 20:05 | Create | Villager (Male) |
| 20:06 | Create | Villager (Male) |
| 20:06 | Create | Villager (Male) |
| 20:11 | Build | Farm |
| 20:17 | Build | Farm |
| 20:22 | Create | Villager (Male) |
| 20:29 | Build | Farm |
| 20:41 | Build | Farm |
| 21:02 | Build | Lumber Camp |
| 21:22 | Build | Castle |
| 21:48 | Create | Villager (Male) |
| 21:49 | Create | Villager (Male) |
| 21:49 | Create | Villager (Male) |
| 21:52 | Create | Villager (Male) |
| 21:52 | Create | Villager (Male) |
| 21:54 | Create | Villager (Male) |
| 21:58 | Create | Villager (Male) |
| 21:58 | Create | Villager (Male) |
| 21:59 | Create | Villager (Male) |
| 22:08 | Build | Lumber Camp |
| 22:52 | Build | House |
| 22:54 | Build | House |
| 22:55 | Build | House |
| 22:57 | Build | House |
| 22:59 | Build | House |
| 23:01 | Build | House |
| 23:26 | Create | Villager (Male) |
| 23:27 | Create | Villager (Male) |
| 23:27 | Create | Villager (Male) |
| 23:29 | Create | Villager (Male) |
| 23:30 | Create | Villager (Male) |
| 24:05 | Build | Barracks |
| 24:07 | Build | Barracks |
| 24:10 | Build | Barracks |
| 24:32 | Create | Villager (Male) |
| 24:33 | Create | Villager (Male) |
| 24:36 | Create | Villager (Male) |
| 24:36 | Create | Villager (Male) |
| 24:37 | Create | Villager (Male) |
| 24:42 | Build | Farm |
| 24:46 | Build | Farm |
| 25:05 | Research | Imperial Age |
| 25:18 | Build | House |
| 25:22 | Build | House |
| 25:34 | Build | Farm |
| 25:39 | Build | Farm |
| 25:44 | Build | Farm |
| 25:54 | Build | Farm |
| 25:58 | Build | Farm |
| 26:02 | Build | Farm |
| 26:04 | Create | Villager (Male) |
| 26:05 | Create | Villager (Male) |
| 26:05 | Create | Villager (Male) |
| 26:07 | Create | Villager (Male) |
| 26:08 | Create | Villager (Male) |
| 26:08 | Create | Villager (Male) |
| 26:09 | Create | Villager (Male) |
| 26:38 | Create | Trade Cart |
| 26:40 | Create | Trade Cart |
| 26:43 | Create | Trade Cart |
| 27:04 | Build | Siege Workshop |
| 27:06 | Build | Siege Workshop |
Build order — Oculists
First 150 of 610 actions detected
| 0:25 | Build | Lumber Camp |
| 0:48 | Build | Mill |
| 0:57 | Research | Loom |
| 0:59 | Create | Villager (Male) |
| 0:59 | Create | Villager (Male) |
| 1:00 | Create | Villager (Male) |
| 1:14 | Create | Villager (Male) |
| 1:14 | Create | Villager (Male) |
| 1:14 | Create | Villager (Male) |
| 2:30 | Create | Villager (Male) |
| 2:31 | Create | Villager (Male) |
| 3:16 | Create | Villager (Male) |
| 3:16 | Create | Villager (Male) |
| 4:21 | Create | Villager (Male) |
| 4:22 | Create | Villager (Male) |
| 4:37 | Build | Barracks |
| 4:56 | Create | Villager (Male) |
| 4:56 | Create | Villager (Male) |
| 5:19 | Build | Mining Camp |
| 5:59 | Build | Palisade Wall |
| 6:20 | Research | Feudal Age |
| 7:05 | Build | Mining Camp |
| 7:16 | Create | Militia |
| 7:16 | Create | Militia |
| 7:43 | Build | Palisade Wall |
| 8:11 | Build | Farm |
| 8:33 | Age | Feudal Age |
| 8:37 | Build | Palisade Wall |
| 8:44 | Create | Villager (Male) |
| 8:44 | Create | Villager (Male) |
| 8:44 | Create | Villager (Male) |
| 8:44 | Create | Villager (Male) |
| 8:44 | Create | Villager (Male) |
| 8:45 | Create | Villager (Male) |
| 8:47 | Create | Villager (Male) |
| 8:47 | Create | Villager (Male) |
| 9:05 | Build | Archery Range |
| 9:17 | Build | Palisade Wall |
| 9:38 | Build | Blacksmith |
| 10:28 | Build | Farm |
| 10:47 | Build | Palisade Wall |
| 11:06 | Build | Palisade Wall |
| 11:22 | Build | Farm |
| 11:28 | Build | Farm |
| 11:30 | Build | Farm |
| 11:32 | Build | Farm |
| 12:00 | Create | Villager (Male) |
| 12:00 | Create | Villager (Male) |
| 12:00 | Create | Villager (Male) |
| 12:01 | Create | Villager (Male) |
| 12:24 | Build | Watch Tower |
| 12:42 | Build | Farm |
| 13:24 | Create | Villager (Male) |
| 13:24 | Create | Villager (Male) |
| 13:26 | Create | Villager (Male) |
| 13:48 | Build | Palisade Wall |
| 14:23 | Create | Archer |
| 14:23 | Create | Archer |
| 14:23 | Create | Archer |
| 15:19 | Build | Palisade Wall |
| 15:30 | Research | Castle Age |
| 15:36 | Create | Archer |
| 15:36 | Create | Archer |
| 15:38 | Create | Spearman |
| 15:38 | Create | Spearman |
| 16:06 | Build | Palisade Wall |
| 16:21 | Research | Man-at-Arms (upgrade) |
| 16:24 | Create | Archer |
| 16:24 | Create | Archer |
| 16:25 | Create | Archer |
| 16:39 | Build | House |
| 16:42 | Build | House |
| 16:45 | Build | House |
| 16:46 | Build | House |
| 16:48 | Build | House |
| 17:04 | Build | House |
| 17:15 | Create | Archer |
| 17:15 | Create | Archer |
| 17:17 | Create | Militia |
| 17:17 | Create | Militia |
| 17:31 | Build | House |
| 17:33 | Build | House |
| 17:57 | Build | House |
| 18:10 | Age | Castle Age |
| 18:43 | Create | Villager (Male) |
| 18:43 | Create | Villager (Male) |
| 19:07 | Build | Town Center |
| 19:33 | Build | Town Center |
| 19:50 | Create | Villager (Male) |
| 19:50 | Create | Villager (Male) |
| 20:45 | Build | Farm |
| 21:20 | Build | Castle |
| 21:33 | Build | Mining Camp |
| 22:36 | Research | Imperial Age |
| 22:40 | Create | Villager (Male) |
| 22:40 | Create | Villager (Male) |
| 22:41 | Create | Villager (Male) |
| 22:52 | Create | Genoese Crossbowman |
| 22:53 | Create | Genoese Crossbowman |
| 22:59 | Create | Skirmisher |
| 22:59 | Create | Skirmisher |
| 22:59 | Create | Skirmisher |
| 22:59 | Create | Skirmisher |
| 23:18 | Create | Villager (Male) |
| 23:18 | Create | Villager (Male) |
| 23:34 | Create | Genoese Crossbowman |
| 23:35 | Create | Genoese Crossbowman |
| 23:38 | Create | Spearman |
| 23:38 | Create | Spearman |
| 23:38 | Create | Spearman |
| 24:13 | Create | Villager (Male) |
| 24:13 | Create | Villager (Male) |
| 24:13 | Create | Villager (Male) |
| 24:25 | Create | Villager (Male) |
| 24:39 | Create | Archer |
| 24:40 | Create | Archer |
| 24:41 | Create | Skirmisher |
| 24:41 | Create | Skirmisher |
| 25:04 | Create | Genoese Crossbowman |
| 25:04 | Create | Genoese Crossbowman |
| 25:04 | Create | Genoese Crossbowman |
| 25:20 | Create | Villager (Male) |
| 25:20 | Create | Villager (Male) |
| 25:21 | Create | Villager (Male) |
| 25:30 | Build | Farm |
| 25:36 | Create | Villager (Male) |
| 25:36 | Create | Villager (Male) |
| 25:46 | Age | Imperial Age |
| 26:08 | Build | Castle |
| 26:28 | Build | Lumber Camp |
| 27:17 | Create | Trebuchet (Packed) |
| 27:25 | Create | Genoese Crossbowman |
| 27:25 | Create | Genoese Crossbowman |
| 27:39 | Create | Villager (Male) |
| 27:39 | Create | Villager (Male) |
| 27:53 | Build | Farm |
| 27:55 | Build | Farm |
| 27:57 | Build | Farm |
| 28:01 | Create | Villager (Male) |
| 28:02 | Create | Villager (Male) |
| 28:21 | Research | Wheelbarrow |
| 28:22 | Create | Villager (Male) |
| 28:23 | Create | Villager (Male) |
| 28:30 | Create | Villager (Male) |
| 28:30 | Create | Villager (Male) |
| 28:47 | Create | Trebuchet (Packed) |
| 28:52 | Build | Farm |
| 29:01 | Build | Farm |
| 29:10 | Build | Farm |
| 29:28 | Research | Crossbowman (upgrade) |
Match timeline
| 4:37 | Oculists · first_building Barracks |
| 5:59 | Oculists · wall_segment Palisade Wall x13 |
| 6:03 | The House of Kingswell · age_up feudal |
| 6:48 | ArgentoCL · age_up feudal |
| 7:03 | Imperial Kermit · age_up feudal |
| 7:25 | Good Knight · age_up feudal |
| 7:43 | Oculists · wall_segment Palisade Wall x27 |
| 7:53 | Megaherz · age_up feudal |
| 8:33 | Oculists · age_up feudal |
| 8:37 | Oculists · wall_segment Palisade Wall x5 |
| 9:05 | Oculists · first_building Archery Range |
| 9:17 | Oculists · wall_segment Palisade Wall x1 |
| 10:27 | Megaherz · wall_segment Stone Wall x1 |
| 10:47 | Oculists · wall_segment Palisade Wall x4 |
| 11:06 | Oculists · wall_segment Palisade Wall x15 |
| 11:37 | Darknar626 · age_up feudal |
| 11:53 | Darknar626 · wall_segment Stone Wall x25 |
| 12:09 | Megaherz · wall_segment Stone Wall x2 |
| 12:43 | ArgentoCL · age_up castle |
| 12:54 | Imperial Kermit · wall_segment Stone Wall x27 |
| 13:06 | Good Knight · first_building Archery Range |
| 13:48 | Oculists · wall_segment Palisade Wall x8 |
| 13:56 | Megaherz · wall_segment Stone Wall x10 |
| 14:12 | Megaherz · age_up castle |
| 14:56 | Imperial Kermit · wall_segment Stone Wall x25 |
| 14:56 | The House of Kingswell · first_building Stable |
| 15:12 | Megaherz · first_market_buy 100 wood |
| 15:19 | Oculists · wall_segment Palisade Wall x3 |
| 15:20 | Imperial Kermit · wall_segment Stone Wall x27 |
| 15:30 | Megaherz · wall_segment Stone Wall x3 |
| 15:34 | The House of Kingswell · first_building Archery Range |
| 15:55 | Good Knight · age_up castle |
| 16:00 | Imperial Kermit · wall_segment Stone Wall x23 |
| 16:06 | Oculists · wall_segment Palisade Wall x2 |
| 16:17 | Imperial Kermit · wall_segment Stone Wall x13 |
| 17:06 | lx T DUB xl · first_market_buy 100 wood |
| 17:23 | lx T DUB xl · first_market_sell 100 food |
| 17:26 | Megaherz · wall_segment Stone Wall x2 |
| 17:35 | Megaherz · wall_segment Stone Wall x8 |
| 17:53 | The House of Kingswell · age_up castle |
| 18:08 | lx T DUB xl · wall_segment Stone Wall x27 |
| 18:10 | Oculists · age_up castle |
| 18:50 | ArgentoCL · first_building Stable |
| 19:09 | Megaherz · first_building Stable |
| 19:25 | Good Knight · first_market_sell 100 wood |
| 19:34 | Good Knight · first_market_buy 100 food |
| 19:34 | Imperial Kermit · age_up castle |
| 19:46 | Megaherz · wall_segment Stone Wall x1 |
| 20:40 | Darknar626 · first_market_sell 100 food |
| 20:48 | Megaherz · first_building Siege Workshop |
| 21:20 | Oculists · first_building Castle |
| 21:22 | ArgentoCL · first_building Castle |
| 21:28 | Megaherz · wall_segment Stone Wall x13 |
| 21:49 | lx T DUB xl · first_building Stable |
| 23:17 | Good Knight · age_up imperial |
| 23:28 | lx T DUB xl · first_building Barracks |
| 23:51 | Good Knight · first_building Siege Workshop |
| 24:05 | ArgentoCL · first_building Barracks |
| 24:11 | The House of Kingswell · first_building Castle |
| 24:43 | Darknar626 · age_up castle |
| 25:46 | Oculists · age_up imperial |
| 26:16 | Good Knight · wall_segment Stone Wall x44 |
| 26:17 | Darknar626 · wall_segment Stone Wall x56 |
| 27:04 | ArgentoCL · first_building Siege Workshop |
| 27:43 | Imperial Kermit · first_building Castle |
| 28:15 | ArgentoCL · age_up imperial |
| 29:08 | Good Knight · wall_segment Stone Wall x9 |
| 29:22 | Megaherz · age_up imperial |
| 30:58 | Imperial Kermit · wall_segment Stone Wall x10 |
| 31:13 | Darknar626 · age_up imperial |
| 31:43 | Good Knight · first_building Monastery |
| 34:01 | Good Knight · wall_segment Stone Wall x6 |
| 34:02 | Megaherz · first_building Castle |
| 34:16 | Darknar626 · first_building Stable |
| 34:27 | The House of Kingswell · first_market_sell 500 food |
| 34:47 | ArgentoCL · first_building Monastery |
| 35:19 | lx T DUB xl · first_building Monastery |
| 35:35 | Imperial Kermit · first_building Stable |
| 36:18 | The House of Kingswell · age_up imperial |
| 36:27 | ArgentoCL · wall_segment Stone Wall x4 |
| 36:35 | ArgentoCL · wall_segment Stone Wall x8 |
| 36:41 | Imperial Kermit · wall_segment Stone Wall x13 |
| 38:23 | Imperial Kermit · wall_segment Stone Wall x9 |
| 38:39 | Megaherz · first_building Barracks |
| 39:12 | lx T DUB xl · first_building Castle |
| 39:49 | Megaherz · first_market_sell 100 food |
| 40:26 | Darknar626 · first_building Castle |
| 40:31 | Imperial Kermit · wall_segment Stone Wall x9 |
| 42:24 | Imperial Kermit · wall_segment Stone Wall x8 |
| 42:55 | Good Knight · wall_segment Stone Wall x10 |
| 43:07 | Imperial Kermit · first_building Barracks |
| 43:18 | lx T DUB xl · first_building Archery Range |
| 47:38 | Darknar626 · first_building Archery Range |
| 47:38 | Megaherz · first_building Monastery |
| 47:46 | The House of Kingswell · tribute_sent a jugador 1 |
| 47:46 | The House of Kingswell · tribute_sent a jugador 2 |
| 47:46 | The House of Kingswell · tribute_sent a jugador 4 |
| 47:46 | The House of Kingswell · tribute_sent a jugador 5 |
| 47:46 | The House of Kingswell · tribute_sent a jugador 6 |
| 47:46 | The House of Kingswell · tribute_sent a jugador 7 |
| 47:46 | The House of Kingswell · tribute_sent a jugador 8 |
| 47:51 | Good Knight · first_building Castle |
| 51:04 | The House of Kingswell · wall_segment Stone Wall x9 |
| 51:10 | The House of Kingswell · wall_segment Stone Wall x1 |
| 51:14 | The House of Kingswell · wall_segment Stone Wall x1 |
| 52:17 | Imperial Kermit · age_up imperial |
| 57:09 | Oculists · first_market_sell 100 food |
| 57:20 | The House of Kingswell · resign |
| 58:13 | Imperial Kermit · wall_segment Stone Wall x1 |
| 59:21 | Imperial Kermit · first_building Siege Workshop |
| 59:30 | Megaherz · first_building Archery Range |
| 59:34 | lx T DUB xl · first_building Siege Workshop |
| 63:20 | Good Knight · wall_segment Palisade Wall x9 |
| 63:23 | Oculists · first_building Monastery |
| 63:44 | Megaherz · wall_segment Stone Wall x3 |
| 63:59 | Megaherz · wall_segment Stone Wall x1 |
| 65:23 | Megaherz · wall_segment Stone Wall x6 |
| 65:44 | Megaherz · wall_segment Stone Wall x1 |
| 66:08 | Megaherz · wall_segment Stone Wall x9 |
[ AI ANALYSIS · 1 CREDIT ]
What really happened in this match?
Wolo.gg analyzes every decision: build order, eco, micro, common mistakes by bracket. Personalized analysis on WhatsApp or Discord in 30 seconds.
Civ guide
Franks
Perfil
Jugador #892402